Blues vs Oilers

Created - 14 mars 2021 at 20:52

Goals
1 2 3 T
Blues 3 0 1 4
Oilers 0 2 3 5
Shots
1 2 3 T
Blues 15 12 15 42
Oilers 8 7 5 20

1st period

1. Blues , Connor Brown 16 (Sean Couturier 28, Jakob Chychrun 21) at 4:03
2. Blues , Sean Couturier 29 (Dougie Hamilton 40, Connor Brown 28) at 7:08 (PP)
3. Blues , Ryan Pulock 12 (Dougie Hamilton 41) at 13:19

Penalties :
Jacob Trouba (EDM) for Holding (Minor) at 0:11, Barclay Goodrow (EDM) for Hooking (Minor) at 5:25, Yanni Gourde (EDM) for Hooking (Minor) at 8:15, Henri Jokiharju (STL) for Hooking (Minor) at 18:04

2nd period

4. Oilers , Barclay Goodrow 9 (Adam Lowry 10, Travis Hamonic 13) at 8:10
5. Oilers , Pavel Zacha 14 (Yanni Gourde 21, Jacob Trouba 30) at 18:24 (PP)

Penalties :
Josh Bailey (STL) for Hooking (Minor) at 9:22, P.K. Subban (STL) for Roughing (Minor) at 16:31, Brenden Dillon (EDM) for Hooking (Minor) at 18:41

3rd period

6. Oilers , Evander Kane 26 (Travis Hamonic 14, Gustav Nyquist 21) at 4:00
7. Oilers , Gustav Nyquist 17 (Jacob Trouba 31, Brent Burns 34) at 10:29
8. Oilers , Pavel Zacha 15 (Yanni Gourde 22, Travis Hamonic 15) at 18:32 (Empty Net)
9. Blues , Connor Brown 17 (Mikko Rantanen 46, Sean Couturier 29) at 19:36 (PP)

Penalties :
Jacob Trouba (EDM) for Cross-checking (Minor) at 0:50, Jacob Trouba (EDM) for Roughing (Minor) at 7:51, Jacob Trouba (EDM) for Hooking (Minor) at 15:58, Jacob Trouba (EDM) for Holding (Minor) at 19:05

Goalie Stats

Brian Elliott (STL), 15 saves from 19 shots - (0,789), L, 4-3-0, 59:24 minutes
Robin Lehner (EDM), 38 saves from 42 shots - (0,905), W, 20-22-8, 60:00 minutes

Players Stats for Blues

Player Name              G  A  P  +/- PIM S  H  SB GA TA FO     MP     PP MP  PK MP  
------------------------------------------------------------------------------------
Christian Dvorak         0  0  0   1  0   3  0  0  0  0  0/0    19:08   7:32   0:32 
Connor Brown             2  1  3  -2  0   5  2  1  0  0  2/4    21:40   6:36   0:32 
Dougie Hamilton          0  2  2  -1  0   3  0  0  0  0  0/0    23:31   7:36   0:54 
Henri Jokiharju          0  0  0  -1  2   0  1  1  0  0  0/0    11:24   0:00   0:00 
Jack Eichel              0  0  0  -1  0   4  3  0  0  0  19/35  21:47   7:32   0:00 
Jakob Chychrun           0  1  1  -1  0   2  2  2  0  0  0/0    21:44   7:36   2:43 
Johnny Gaudreau          0  0  0  -2  0   2  1  0  0  0  1/2    20:28   6:32   0:00 
Jordan Staal             0  0  0   1  0   1  0  0  0  0  14/17  11:10   0:00   2:40 
Josh Bailey              0  0  0  -1  2   1  0  0  0  0  1/2    15:39   0:00   1:48 
MacKenzie Weegar         0  0  0  -1  0   0  1  0  0  0  0/0     2:26   0:00   0:00 
Martin Necas             0  0  0   1  0   3  0  0  0  0  0/0     8:30   0:00   0:00 
Michael Chaput           0  0  0   0  0   0  2  0  0  0  5/6     5:55   0:23   2:12 
Mikko Rantanen           0  1  1  -1  0   3  4  0  0  0  0/0    21:28   7:13   0:00 
Miles Wood               0  0  0   0  0   1  0  1  0  0  0/0     5:59   0:00   2:39 
P.K. Subban              0  0  0   0  2   0  2  0  0  0  0/0    15:48   0:00   2:14 
Ryan Pulock              1  0  1   0  0   1  0  1  0  0  0/0    21:27   6:32   2:43 
Sean Couturier           1  2  3  -2  0   5  3  0  0  0  14/29  22:24   6:36   1:19 
Seth Jones               0  0  0   0  0   8  2  0  0  0  0/0    23:38   6:32   3:08 

Players Stats for Oilers

Player Name              G  A  P  +/- PIM S  H  SB GA TA FO     MP     PP MP  PK MP  
------------------------------------------------------------------------------------
Adam Lowry               0  1  1   0  0   0  2  0  0  0  21/40  19:43   0:00   8:41 
Barclay Goodrow          1  0  1   0  2   3  0  0  0  0  1/1    18:03   0:00   7:14 
Barrett Hayton           0  0  0   0  0   1  0  0  0  0  1/7    18:54   3:23   1:14 
Brenden Dillon           0  0  0   0  2   0  2  3  0  0  0/0    18:28   0:00   6:01 
Brent Burns              0  1  1   0  0   1  1  3  0  0  0/0    19:54   3:34   0:00 
Dylan DeMelo             0  0  0   0  0   0  1  0  0  0  0/0    19:43   2:17   5:42 
Evander Kane             1  0  1   2  0   2  6  0  0  0  0/1    17:10   2:28   0:00 
Gustav Nyquist           1  1  2   2  0   4  0  0  0  0  0/1    17:10   2:28   0:00 
Jacob Trouba             0  2  2   0  10  0  5  2  0  0  0/0    20:20   3:34   0:31 
Leo Komarov              0  0  0  -1  0   1  0  1  0  0  0/2     8:45   0:00   6:09 
Mark Pysyk               0  0  0   0  0   0  0  0  0  0  0/0     1:03   0:00   0:42 
Nick Cousins             0  0  0   0  0   1  0  1  0  0  0/1    10:27   0:00   0:00 
Pavel Zacha              2  0  2   1  0   2  0  0  0  0  4/14   15:39   3:23   0:00 
Riley Nash               0  0  0  -1  0   0  0  0  0  0  0/0     2:13   0:00   0:00 
Ryan Johansen            0  0  0   2  0   2  0  1  0  0  12/27  22:08   2:28   4:58 
Travis Hamonic           0  3  3   2  0   1  4  3  0  0  0/0    19:01   0:00   7:25 
Vladislav Gavrikov       0  0  0   2  0   0  5  3  0  0  0/0    21:25   2:17   7:55 
Yanni Gourde             0  2  2   1  2   2  0  1  0  0  0/1    15:38   3:23   0:00 

3 Stars

1 - Travis Hamonic (EDM)
2 - Pavel Zacha (EDM)
3 - Evander Kane (EDM)

Power Play

Blues - 2 on 8 Attempt(s) - 25,00%
Oilers - 1 on 3 Attempt(s) - 33,33%

Penalty Kill

Blues - 2 on 3 Attempt(s) - 66,67% - Score 0 goal in Penalty Kill
Oilers - 6 on 8 Attempt(s) - 75,00% - Score 0 goal in Penalty Kill

Team Stat

Blues - Hits : 23 - Faceoff Wins : 56 - Blocked Shots : 6 - Penalty Minutes : 6
Oilers - Hits : 26 - Faceoff Wins : 39 - Blocked Shots : 18 - Penalty Minutes : 16

Official

Referees : Dan Kelly and Ian Walsh
Linesman : Jeff Walker and Pierre Racicot

Game Notes

Pavel Zacha has scored in a empty net!

Finance

Level 1 -- Attendance: 6464 (99,45%) -- Ticket Income 788 608 $
Level 2 -- Attendance: 5000 (100,00%) -- Ticket Income 470 000 $
Level 3 -- Attendance: 2789 (79,69%) -- Ticket Income 209 175 $
Level 4 -- Attendance: 839 (100,00%) -- Ticket Income 61 247 $
Luxury Box -- Attendance: 1000 (100,00%) -- Ticket Income 232 000 $
Game was played at the Rexall Place.
Total Attendance: 16092 (95,56%)
Total Ticket Income: 1 761 030 $
Other Income: 862 905 $
Total Income: 2 623 935 $

% Time on Ice - Blues

Lines # - Real PCT - Wanted PCT - Time Play
Normal Forward
1 - 35% - 38% - 13:52
2 - 35% - 37% - 13:56
3 - 21% - 18% - 8:30
4 - 8% - 7% - 3:20
Normal Defense
1 - 34% - 42% - 13:35
2 - 31% - 42% - 12:12
3 - 29% - 16% - 11:25
4 - 6% - 0% - 2:26
PP Forward
1 - 47% - 50% - 6:36
2 - 53% - 50% - 7:32
PP Defense
1 - 54% - 60% - 7:36
2 - 46% - 40% - 6:32
PK Forward
1 - 46% - 50% - 2:40
2 - 54% - 50% - 3:11
PK Defense
1 - 54% - 60% - 3:08
2 - 46% - 40% - 2:43
PK3 Forward
1 - 0% - 50%
2 - 0% - 50%
PK3 Defense
1 - 0% - 60%
2 - 0% - 40%
44 Forward
1 - 0% - 60%
2 - 0% - 40%
44 Defense
1 - 0% - 60%
2 - 0% - 40%
Last Minute Offensive  - 0:23
Last Minute Defensive  - 0:00
Total
Forward - 60:00
Defense - 60:00

% Time on Ice - Oilers

Lines # - Real PCT - Wanted PCT - Time Play
Normal Forward
1 - 37% - 40% - 14:42
2 - 31% - 30% - 12:16
3 - 26% - 20% - 10:27
4 - 6% - 10% - 2:13
Normal Defense
1 - 41% - 40% - 16:20
2 - 28% - 30% - 11:13
3 - 30% - 30% - 12:05
4 - 0% - 0% - 0:00
PP Forward
1 - 42% - 60% - 2:28
2 - 58% - 40% - 3:23
PP Defense
1 - 61% - 60% - 3:34
2 - 39% - 40% - 2:17
PK Forward
1 - 65% - 60% - 9:10
2 - 35% - 40% - 4:58
PK Defense
1 - 60% - 60% - 8:26
2 - 40% - 40% - 5:42
PK3 Forward
1 - 0% - 60%
2 - 0% - 40%
PK3 Defense
1 - 0% - 60%
2 - 0% - 40%
44 Forward
1 - 0% - 60%
2 - 0% - 40%
44 Defense
1 - 0% - 60%
2 - 0% - 40%
Last Minute Offensive  - 0:00
Last Minute Defensive  - 0:23
Total
Forward - 60:00
Defense - 60:00

Play-by-Play

1st period


0:01 of 1st period - Ryan Johansen wins face-off versus Jack Eichel in neutral zone.
0:01 of 1st period - Jacob Trouba is hit by Mikko Rantanen and loses puck.
0:10 of 1st period - Shot by Josh Bailey.
0:10 of 1st period - Shot Blocked by Ryan Johansen.
0:11 of 1st period - Minor Penalty to Jacob Trouba for Holding.
0:12 of 1st period - Jack Eichel wins face-off versus Adam Lowry in Oilers zone.
0:13 of 1st period - Shot by Dougie Hamilton.
0:13 of 1st period - Stopped by Robin Lehner without a rebound.
0:14 of 1st period - Adam Lowry wins face-off versus Sean Couturier in Oilers zone.
0:31 of 1st period - Shot by Connor Brown.
0:31 of 1st period - Shot Misses the Net.
0:39 of 1st period - Shot by Sean Couturier.
0:39 of 1st period - Shot Misses the Net.
0:41 of 1st period - Shot by Mikko Rantanen.
0:41 of 1st period - Stopped by Robin Lehner without a rebound.
0:42 of 1st period - Adam Lowry wins face-off versus Jack Eichel in Oilers zone.
0:52 of 1st period - Shot by Johnny Gaudreau.
0:52 of 1st period - Shot Misses the Net.
1:08 of 1st period - Dylan DeMelo is hit by Johnny Gaudreau and loses puck.
1:21 of 1st period - Shot by Jack Eichel.
1:21 of 1st period - Stopped by Robin Lehner without a rebound.
1:22 of 1st period - Sean Couturier wins face-off versus Ryan Johansen in Oilers zone.
1:23 of 1st period - Shot by Dougie Hamilton.
1:23 of 1st period - Shot Blocked by Vladislav Gavrikov.
1:46 of 1st period - Brenden Dillon is hit by Connor Brown and loses puck.
1:59 of 1st period - Shot by Dougie Hamilton.
1:59 of 1st period - Shot Misses the Net.
2:05 of 1st period - Shot by Jakob Chychrun.
2:05 of 1st period - Stopped by Robin Lehner without a rebound.
2:06 of 1st period - Ryan Johansen wins face-off versus Jack Eichel in Oilers zone.
2:06 of 1st period - Dylan DeMelo is hit by Jack Eichel and loses puck.
2:18 of 1st period - Jordan Staal is hit by Jacob Trouba and loses puck.
3:32 of 1st period - Shot by Ryan Johansen.
3:32 of 1st period - Stopped by Brian Elliott with a rebound.
3:45 of 1st period - Gustav Nyquist is hit by Jakob Chychrun and loses puck.
3:49 of 1st period - Icing by Jakob Chychrun.
3:50 of 1st period - Barclay Goodrow wins face-off versus Connor Brown in Blues zone.
4:03 of 1st period - Shot by Connor Brown.
4:03 of 1st period - Goal by Connor Brown - Blues : 1 - Oilers : 0.
4:04 of 1st period - Michael Chaput wins face-off versus Barrett Hayton in neutral zone.
4:22 of 1st period - Icing by Brent Burns.
4:23 of 1st period - Sean Couturier wins face-off versus Barrett Hayton in Oilers zone.
4:23 of 1st period - Sean Couturier is hit by Jacob Trouba.
4:46 of 1st period - Shot by Riley Nash.
4:46 of 1st period - Shot Blocked by Henri Jokiharju.
5:12 of 1st period - Icing by Sean Couturier.
5:13 of 1st period - Adam Lowry wins face-off versus Johnny Gaudreau in Blues zone.
5:25 of 1st period - Minor Penalty to Barclay Goodrow for Hooking.
5:26 of 1st period - Adam Lowry wins face-off versus Jack Eichel in Oilers zone.
5:34 of 1st period - Off-side.
5:35 of 1st period - Jack Eichel wins face-off versus Adam Lowry in neutral zone.
5:38 of 1st period - Shot by Seth Jones.
5:38 of 1st period - Stopped by Robin Lehner without a rebound.
5:39 of 1st period - Johnny Gaudreau wins face-off versus Leo Komarov in Oilers zone.
5:54 of 1st period - Shot by Seth Jones.
5:54 of 1st period - Stopped by Robin Lehner without a rebound.
5:55 of 1st period - Adam Lowry wins face-off versus Sean Couturier in Oilers zone.
5:55 of 1st period - Adam Lowry is hit by Sean Couturier.
6:10 of 1st period - Shot by Dougie Hamilton.
6:10 of 1st period - Shot Misses the Net.
6:12 of 1st period - Shot by Connor Brown.
6:12 of 1st period - Stopped by Robin Lehner without a rebound.
6:13 of 1st period - Jack Eichel wins face-off versus Adam Lowry in Oilers zone.
6:16 of 1st period - Shot by Christian Dvorak.
6:16 of 1st period - Shot Misses the Net.
6:36 of 1st period - Shot by Christian Dvorak.
6:36 of 1st period - Deflect By Johnny Gaudreau.
6:36 of 1st period - Shot Misses the Net.
6:38 of 1st period - Shot by Seth Jones.
6:38 of 1st period - Shot Blocked by Travis Hamonic.
6:50 of 1st period - Shot by Johnny Gaudreau.
6:50 of 1st period - Shot Blocked by Travis Hamonic.
6:52 of 1st period - Shot by Seth Jones.
6:52 of 1st period - Stopped by Robin Lehner without a rebound.
6:53 of 1st period - Sean Couturier wins face-off versus Ryan Johansen in Oilers zone.
7:08 of 1st period - Shot by Sean Couturier.
7:08 of 1st period - Goal by Sean Couturier - Blues : 2 - Oilers : 0.
7:09 of 1st period - Jack Eichel wins face-off versus Ryan Johansen in neutral zone.
7:12 of 1st period - Shot by Mikko Rantanen.
7:12 of 1st period - Stopped by Robin Lehner without a rebound.
7:13 of 1st period - Ryan Johansen wins face-off versus Jack Eichel in Oilers zone.
7:46 of 1st period - Shot by Gustav Nyquist.
7:46 of 1st period - Stopped by Brian Elliott without a rebound.
7:47 of 1st period - Pavel Zacha wins face-off versus Connor Brown in Blues zone.
8:15 of 1st period - Minor Penalty to Yanni Gourde for Hooking.
8:16 of 1st period - Jack Eichel wins face-off versus Adam Lowry in Oilers zone.
9:58 of 1st period - Icing by Dougie Hamilton.
9:59 of 1st period - Jack Eichel wins face-off versus Adam Lowry in Blues zone.
10:19 of 1st period - Brent Burns is hit by P.K. Subban and loses puck.
10:24 of 1st period - Shot by Barrett Hayton.
10:24 of 1st period - Stopped by Brian Elliott with a rebound.
10:26 of 1st period - Shot by Yanni Gourde.
10:26 of 1st period - Stopped by Brian Elliott with a rebound.
11:16 of 1st period - Michael Chaput is hit by Evander Kane and loses puck.
11:51 of 1st period - Shot by Barclay Goodrow.
11:51 of 1st period - Shot Misses the Net.
11:53 of 1st period - Shot by Nick Cousins.
11:53 of 1st period - Stopped by Brian Elliott with a rebound.
13:19 of 1st period - Shot by Ryan Pulock.
13:19 of 1st period - Goal by Ryan Pulock - Blues : 3 - Oilers : 0.
13:20 of 1st period - Michael Chaput wins face-off versus Ryan Johansen in neutral zone.
13:36 of 1st period - Gustav Nyquist is hit by Michael Chaput and loses puck.
13:55 of 1st period - Shot by Ryan Johansen.
13:55 of 1st period - Shot Misses the Net.
13:57 of 1st period - Shot by Travis Hamonic.
13:57 of 1st period - Shot Misses the Net.
14:11 of 1st period - Brenden Dillon is hit by Michael Chaput and loses puck.
14:25 of 1st period - Shot by Barclay Goodrow.
14:25 of 1st period - Stopped by Brian Elliott without a rebound.
14:26 of 1st period - Adam Lowry wins face-off versus Jack Eichel in Blues zone.
15:47 of 1st period - Shot by Evander Kane.
15:47 of 1st period - Stopped by Brian Elliott without a rebound.
15:48 of 1st period - Jordan Staal wins face-off versus Pavel Zacha in Blues zone.
15:55 of 1st period - Shot by Martin Necas.
15:55 of 1st period - Shot Blocked by Vladislav Gavrikov.
15:57 of 1st period - Shot by Sean Couturier.
15:57 of 1st period - Stopped by Robin Lehner without a rebound.
15:58 of 1st period - Sean Couturier wins face-off versus Pavel Zacha in Oilers zone.
16:03 of 1st period - Shot by Sean Couturier.
16:03 of 1st period - Stopped by Robin Lehner without a rebound.
16:04 of 1st period - Sean Couturier wins face-off versus Pavel Zacha in Oilers zone.
16:07 of 1st period - Shot by Sean Couturier.
16:07 of 1st period - Shot Blocked by Brent Burns.
16:10 of 1st period - Icing by Brent Burns.
16:11 of 1st period - Jack Eichel wins face-off versus Pavel Zacha in Oilers zone.
16:12 of 1st period - Shot by Josh Bailey.
16:12 of 1st period - Deflect By Jack Eichel.
16:12 of 1st period - Shot Blocked by Yanni Gourde.
16:52 of 1st period - Off-side.
16:53 of 1st period - Sean Couturier wins face-off versus Ryan Johansen in neutral zone.
16:55 of 1st period - Johnny Gaudreau is hit by Vladislav Gavrikov and loses puck.
17:16 of 1st period - Shot by Johnny Gaudreau.
17:16 of 1st period - Stopped by Robin Lehner with a rebound.
17:26 of 1st period - Shot by Johnny Gaudreau.
17:26 of 1st period - Shot Blocked by Travis Hamonic.
17:31 of 1st period - Shot by Connor Brown.
17:31 of 1st period - Shot Misses the Net.
18:00 of 1st period - Henri Jokiharju is hit by Adam Lowry and loses puck.
18:04 of 1st period - Minor Penalty to Henri Jokiharju for Hooking.
18:05 of 1st period - Josh Bailey wins face-off versus Barrett Hayton in Blues zone.
18:18 of 1st period - Shot by Jacob Trouba.
18:18 of 1st period - Shot Blocked by Jakob Chychrun.
18:20 of 1st period - Shot by Brent Burns.
18:20 of 1st period - Stopped by Brian Elliott without a rebound.
18:21 of 1st period - Barrett Hayton wins face-off versus Jordan Staal in Blues zone.
18:27 of 1st period - Yanni Gourde is hit by Seth Jones and loses puck.
18:44 of 1st period - Shot by Jacob Trouba.
18:44 of 1st period - Shot Misses the Net.
19:43 of 1st period - Icing by Vladislav Gavrikov.
19:44 of 1st period - Ryan Johansen wins face-off versus Josh Bailey in Oilers zone.
19:58 of 1st period - Shot by Gustav Nyquist.
19:58 of 1st period - Shot Misses the Net.
Goals for this period are 3 for Blues vs 0 for Oilers.
Shots for this period are 15 for Blues vs 8 for Oilers.

2nd period


0:01 of 2nd period - Ryan Johansen wins face-off versus Jordan Staal in neutral zone.
0:40 of 2nd period - Shot by Pavel Zacha.
0:40 of 2nd period - Shot Misses the Net.
0:42 of 2nd period - Shot by Barrett Hayton.
0:42 of 2nd period - Shot Misses the Net.
1:34 of 2nd period - Shot by Sean Couturier.
1:34 of 2nd period - Stopped by Robin Lehner without a rebound.
1:35 of 2nd period - Jordan Staal wins face-off versus Adam Lowry in Oilers zone.
1:39 of 2nd period - Christian Dvorak is hit by Travis Hamonic and loses puck.
1:53 of 2nd period - Christian Dvorak is hit by Vladislav Gavrikov and loses puck.
1:59 of 2nd period - Jordan Staal is hit by Vladislav Gavrikov and loses puck.
2:09 of 2nd period - Icing by Vladislav Gavrikov.
2:10 of 2nd period - Jack Eichel wins face-off versus Adam Lowry in Oilers zone.
2:10 of 2nd period - Jack Eichel is hit by Vladislav Gavrikov.
2:15 of 2nd period - Jack Eichel is hit by Travis Hamonic.
3:11 of 2nd period - Shot by Sean Couturier.
3:11 of 2nd period - Shot Misses the Net.
3:23 of 2nd period - Shot by Johnny Gaudreau.
3:23 of 2nd period - Shot Misses the Net.
4:00 of 2nd period - Icing by Henri Jokiharju.
4:01 of 2nd period - Jordan Staal wins face-off versus Gustav Nyquist in Blues zone.
4:19 of 2nd period - Jordan Staal is hit by Jacob Trouba and loses puck.
5:04 of 2nd period - Icing by Jacob Trouba.
5:05 of 2nd period - Sean Couturier wins face-off versus Evander Kane in Oilers zone.
5:16 of 2nd period - Connor Brown is hit by Evander Kane and loses puck.
6:02 of 2nd period - P.K. Subban is hit by Evander Kane and loses puck.
6:19 of 2nd period - Shot by Jack Eichel.
6:19 of 2nd period - Shot Blocked by Jacob Trouba.
6:21 of 2nd period - Shot by Josh Bailey.
6:21 of 2nd period - Shot Misses the Net.
6:23 of 2nd period - Shot by Josh Bailey.
6:23 of 2nd period - Stopped by Robin Lehner without a rebound.
6:24 of 2nd period - Michael Chaput wins face-off versus Adam Lowry in Oilers zone.
6:24 of 2nd period - Michael Chaput is hit by Vladislav Gavrikov.
6:37 of 2nd period - Shot by Dougie Hamilton.
6:37 of 2nd period - Stopped by Robin Lehner without a rebound.
6:38 of 2nd period - Jack Eichel wins face-off versus Pavel Zacha in Oilers zone.
7:00 of 2nd period - Icing by Brenden Dillon.
7:01 of 2nd period - Sean Couturier wins face-off versus Pavel Zacha in Oilers zone.
8:10 of 2nd period - Shot by Barclay Goodrow.
8:10 of 2nd period - Goal by Barclay Goodrow - Blues : 3 - Oilers : 1.
8:11 of 2nd period - Adam Lowry wins face-off versus Jack Eichel in neutral zone.
8:11 of 2nd period - Leo Komarov is hit by Mikko Rantanen and loses puck.
8:22 of 2nd period - Shot by Leo Komarov.
8:22 of 2nd period - Stopped by Brian Elliott without a rebound.
8:23 of 2nd period - Adam Lowry wins face-off versus Jordan Staal in Blues zone.
8:46 of 2nd period - Shot by Jordan Staal.
8:46 of 2nd period - Stopped by Robin Lehner without a rebound.
8:47 of 2nd period - Jack Eichel wins face-off versus Barrett Hayton in Oilers zone.
8:54 of 2nd period - Shot by Jack Eichel.
8:54 of 2nd period - Stopped by Robin Lehner without a rebound.
8:55 of 2nd period - Jack Eichel wins face-off versus Ryan Johansen in Oilers zone.
8:55 of 2nd period - Josh Bailey is hit by Brenden Dillon and loses puck.
9:10 of 2nd period - Shot by Jack Eichel.
9:10 of 2nd period - Stopped by Robin Lehner without a rebound.
9:11 of 2nd period - Connor Brown wins face-off versus Pavel Zacha in Oilers zone.
9:16 of 2nd period - Shot by Sean Couturier.
9:16 of 2nd period - Stopped by Robin Lehner without a rebound.
9:17 of 2nd period - Adam Lowry wins face-off versus Jack Eichel in Oilers zone.
9:17 of 2nd period - Adam Lowry is hit by Mikko Rantanen.
9:22 of 2nd period - Minor Penalty to Josh Bailey for Hooking.
9:23 of 2nd period - Jordan Staal wins face-off versus Ryan Johansen in Blues zone.
9:42 of 2nd period - Shot by Gustav Nyquist.
9:42 of 2nd period - Shot Misses the Net.
10:45 of 2nd period - Shot by Pavel Zacha.
10:45 of 2nd period - Shot Misses the Net.
10:55 of 2nd period - Shot by Seth Jones.
10:55 of 2nd period - Stopped by Robin Lehner with a rebound.
11:17 of 2nd period - Shot by Connor Brown.
11:17 of 2nd period - Deflect By Christian Dvorak.
11:17 of 2nd period - Shot Blocked by Brent Burns.
11:22 of 2nd period - Icing by Ryan Johansen.
11:23 of 2nd period - Adam Lowry wins face-off versus Jack Eichel in Oilers zone.
11:23 of 2nd period - Adam Lowry is hit by Mikko Rantanen.
11:42 of 2nd period - Icing by Dougie Hamilton.
11:43 of 2nd period - Ryan Johansen wins face-off versus Jack Eichel in Blues zone.
11:44 of 2nd period - Shot by Gustav Nyquist.
11:44 of 2nd period - Stopped by Brian Elliott without a rebound.
11:45 of 2nd period - Sean Couturier wins face-off versus Adam Lowry in Blues zone.
12:54 of 2nd period - Shot by Evander Kane.
12:54 of 2nd period - Deflect By Gustav Nyquist.
12:54 of 2nd period - Stopped by Brian Elliott without a rebound.
12:55 of 2nd period - Jordan Staal wins face-off versus Pavel Zacha in Blues zone.
13:20 of 2nd period - Shot by Jordan Staal.
13:20 of 2nd period - Deflect By Christian Dvorak.
13:20 of 2nd period - Stopped by Robin Lehner without a rebound.
13:21 of 2nd period - Ryan Johansen wins face-off versus Jack Eichel in Oilers zone.
13:28 of 2nd period - Josh Bailey is hit by Evander Kane and loses puck.
14:58 of 2nd period - Shot by Johnny Gaudreau.
14:58 of 2nd period - Stopped by Robin Lehner without a rebound.
14:59 of 2nd period - Jordan Staal wins face-off versus Adam Lowry in Oilers zone.
15:14 of 2nd period - Shot by Jordan Staal.
15:14 of 2nd period - Shot Blocked by Brenden Dillon.
15:16 of 2nd period - Shot by Jakob Chychrun.
15:16 of 2nd period - Stopped by Robin Lehner without a rebound.
15:17 of 2nd period - Ryan Johansen wins face-off versus Michael Chaput in Oilers zone.
15:30 of 2nd period - Shot by Evander Kane.
15:30 of 2nd period - Shot Misses the Net.
15:33 of 2nd period - Icing by Dougie Hamilton.
15:34 of 2nd period - Michael Chaput wins face-off versus Nick Cousins in Blues zone.
15:34 of 2nd period - Michael Chaput is hit by Adam Lowry.
15:42 of 2nd period - Shot by Christian Dvorak.
15:42 of 2nd period - Shot Misses the Net.
16:02 of 2nd period - Shot by Barclay Goodrow.
16:02 of 2nd period - Stopped by Brian Elliott without a rebound.
16:03 of 2nd period - Jack Eichel wins face-off versus Ryan Johansen in Blues zone.
16:31 of 2nd period - Minor Penalty to P.K. Subban for Roughing.
16:32 of 2nd period - Jordan Staal wins face-off versus Barrett Hayton in Blues zone.
17:02 of 2nd period - Shot by Brent Burns.
17:02 of 2nd period - Shot Blocked by Miles Wood.
17:25 of 2nd period - Off-side.
17:26 of 2nd period - Jordan Staal wins face-off versus Ryan Johansen in neutral zone.
18:20 of 2nd period - Shot by Jacob Trouba.
18:20 of 2nd period - Shot Misses the Net.
18:22 of 2nd period - Shot by Yanni Gourde.
18:22 of 2nd period - Stopped by Brian Elliott with a rebound.
18:24 of 2nd period - Shot by Pavel Zacha.
18:24 of 2nd period - Goal by Pavel Zacha - Blues : 3 - Oilers : 2.
18:25 of 2nd period - Adam Lowry wins face-off versus Jack Eichel in neutral zone.
18:41 of 2nd period - Minor Penalty to Brenden Dillon for Hooking.
18:42 of 2nd period - Jack Eichel wins face-off versus Adam Lowry in Oilers zone.
19:48 of 2nd period - Shot by Ryan Pulock.
19:48 of 2nd period - Shot Misses the Net.
19:50 of 2nd period - Shot by Seth Jones.
19:50 of 2nd period - Shot Blocked by Leo Komarov.
19:52 of 2nd period - Shot by Connor Brown.
19:52 of 2nd period - Stopped by Robin Lehner without a rebound.
19:53 of 2nd period - Adam Lowry wins face-off versus Sean Couturier in Oilers zone.
19:53 of 2nd period - Adam Lowry is hit by Connor Brown.
Goals for this period are 0 for Blues vs 2 for Oilers.
Shots for this period are 12 for Blues vs 7 for Oilers.

3rd period


0:01 of 3rd period - Adam Lowry wins face-off versus Sean Couturier in neutral zone.
0:18 of 3rd period - Icing by Connor Brown.
0:19 of 3rd period - Adam Lowry wins face-off versus Sean Couturier in Blues zone.
0:49 of 3rd period - Martin Necas is hit by Jacob Trouba.
0:50 of 3rd period - Minor Penalty to Jacob Trouba for Cross-checking.
0:51 of 3rd period - Jack Eichel wins face-off versus Adam Lowry in Oilers zone.
1:25 of 3rd period - Shot by Christian Dvorak.
1:25 of 3rd period - Stopped by Robin Lehner without a rebound.
1:26 of 3rd period - Sean Couturier wins face-off versus Adam Lowry in Oilers zone.
1:32 of 3rd period - Sean Couturier is hit by Dylan DeMelo and loses puck.
3:48 of 3rd period - Shot by Ryan Johansen.
3:48 of 3rd period - Stopped by Brian Elliott without a rebound.
3:49 of 3rd period - Ryan Johansen wins face-off versus Sean Couturier in Blues zone.
3:55 of 3rd period - Gustav Nyquist is hit by Jakob Chychrun and loses puck.
4:00 of 3rd period - Shot by Evander Kane.
4:00 of 3rd period - Goal by Evander Kane - Blues : 3 - Oilers : 3.
4:01 of 3rd period - Sean Couturier wins face-off versus Adam Lowry in neutral zone.
4:24 of 3rd period - Shot by Barclay Goodrow.
4:24 of 3rd period - Shot Blocked by Jakob Chychrun.
4:45 of 3rd period - Icing by Johnny Gaudreau.
4:46 of 3rd period - Ryan Johansen wins face-off versus Sean Couturier in Blues zone.
6:00 of 3rd period - Shot by Yanni Gourde.
6:00 of 3rd period - Shot Misses the Net.
6:03 of 3rd period - Pavel Zacha is hit by Henri Jokiharju and loses puck.
6:23 of 3rd period - Off-side.
6:24 of 3rd period - Adam Lowry wins face-off versus Jack Eichel in neutral zone.
6:31 of 3rd period - Shot by Barclay Goodrow.
6:31 of 3rd period - Shot Misses the Net.
6:41 of 3rd period - Shot by Jack Eichel.
6:41 of 3rd period - Shot Blocked by Brenden Dillon.
6:43 of 3rd period - Shot by Mikko Rantanen.
6:43 of 3rd period - Shot Misses the Net.
6:55 of 3rd period - Shot by Mikko Rantanen.
6:55 of 3rd period - Shot Blocked by Nick Cousins.
6:57 of 3rd period - Shot by Dougie Hamilton.
6:57 of 3rd period - Deflect By Mikko Rantanen.
6:57 of 3rd period - Shot Misses the Net.
7:30 of 3rd period - Icing by Adam Lowry.
7:31 of 3rd period - Michael Chaput wins face-off versus Adam Lowry in Oilers zone.
7:50 of 3rd period - Shot by Miles Wood.
7:50 of 3rd period - Stopped by Robin Lehner without a rebound.
7:51 of 3rd period - Jordan Staal wins face-off versus Ryan Johansen in Oilers zone.
7:51 of 3rd period - Minor Penalty to Jacob Trouba for Roughing.
7:52 of 3rd period - Jack Eichel wins face-off versus Leo Komarov in Oilers zone.
7:59 of 3rd period - Shot by Seth Jones.
7:59 of 3rd period - Stopped by Robin Lehner without a rebound.
8:00 of 3rd period - Ryan Johansen wins face-off versus Jack Eichel in Oilers zone.
8:15 of 3rd period - Shot by Seth Jones.
8:15 of 3rd period - Shot Blocked by Vladislav Gavrikov.
8:17 of 3rd period - Shot by Jack Eichel.
8:17 of 3rd period - Shot Misses the Net.
8:19 of 3rd period - Shot by Seth Jones.
8:19 of 3rd period - Stopped by Robin Lehner without a rebound.
8:20 of 3rd period - Adam Lowry wins face-off versus Sean Couturier in Oilers zone.
8:20 of 3rd period - Adam Lowry is hit by Sean Couturier.
8:41 of 3rd period - Shot by Dougie Hamilton.
8:41 of 3rd period - Shot Misses the Net.
9:07 of 3rd period - Shot by Seth Jones.
9:07 of 3rd period - Stopped by Robin Lehner without a rebound.
9:08 of 3rd period - Adam Lowry wins face-off versus Jack Eichel in Oilers zone.
10:03 of 3rd period - Shot by Gustav Nyquist.
10:03 of 3rd period - Shot Misses the Net.
10:24 of 3rd period - Gustav Nyquist is hit by MacKenzie Weegar and loses puck.
10:29 of 3rd period - Shot by Gustav Nyquist.
10:29 of 3rd period - Goal by Gustav Nyquist - Blues : 3 - Oilers : 4.
10:30 of 3rd period - Pavel Zacha wins face-off versus Sean Couturier in neutral zone.
10:48 of 3rd period - Icing by Vladislav Gavrikov.
10:49 of 3rd period - Jordan Staal wins face-off versus Yanni Gourde in Oilers zone.
10:52 of 3rd period - Shot by Martin Necas.
10:52 of 3rd period - Shot Misses the Net.
10:54 of 3rd period - Shot by Seth Jones.
10:54 of 3rd period - Shot Misses the Net.
11:16 of 3rd period - Shot by Martin Necas.
11:16 of 3rd period - Stopped by Robin Lehner without a rebound.
11:17 of 3rd period - Adam Lowry wins face-off versus Sean Couturier in Oilers zone.
11:36 of 3rd period - Shot by Johnny Gaudreau.
11:36 of 3rd period - Shot Blocked by Jacob Trouba.
12:14 of 3rd period - Ryan Johansen is hit by P.K. Subban and loses puck.
12:36 of 3rd period - Shot by Mikko Rantanen.
12:36 of 3rd period - Stopped by Robin Lehner without a rebound.
12:37 of 3rd period - Jordan Staal wins face-off versus Pavel Zacha in Oilers zone.
12:37 of 3rd period - Jordan Staal is hit by Travis Hamonic.
12:39 of 3rd period - Shot by Christian Dvorak.
12:39 of 3rd period - Stopped by Robin Lehner without a rebound.
12:40 of 3rd period - Jordan Staal wins face-off versus Pavel Zacha in Oilers zone.
13:15 of 3rd period - Icing by Henri Jokiharju.
13:16 of 3rd period - Jordan Staal wins face-off versus Ryan Johansen in Blues zone.
13:16 of 3rd period - Jordan Staal is hit by Evander Kane.
13:29 of 3rd period - Martin Necas is hit by Brent Burns and loses puck.
14:29 of 3rd period - Off-side.
14:30 of 3rd period - Sean Couturier wins face-off versus Barrett Hayton in neutral zone.
14:32 of 3rd period - Johnny Gaudreau is hit by Travis Hamonic and loses puck.
15:16 of 3rd period - Icing by Seth Jones.
15:17 of 3rd period - Connor Brown wins face-off versus Ryan Johansen in Blues zone.
15:17 of 3rd period - Connor Brown is hit by Evander Kane.
15:36 of 3rd period - Jack Eichel is hit by Jacob Trouba and loses puck.
15:58 of 3rd period - Minor Penalty to Jacob Trouba for Hooking.
15:59 of 3rd period - Jack Eichel wins face-off versus Adam Lowry in Oilers zone.
16:17 of 3rd period - Dylan DeMelo is hit by Jack Eichel and loses puck.
17:01 of 3rd period - Off-side.
17:02 of 3rd period - Adam Lowry wins face-off versus Sean Couturier in neutral zone.
17:30 of 3rd period - Shot by Connor Brown.
17:30 of 3rd period - Stopped by Robin Lehner without a rebound.
17:31 of 3rd period - Jack Eichel wins face-off versus Ryan Johansen in Oilers zone.
17:35 of 3rd period - Jack Eichel is hit by Brenden Dillon and loses puck.
17:40 of 3rd period - Shot by Johnny Gaudreau.
17:40 of 3rd period - Shot Blocked by Brenden Dillon.
18:00 of 3rd period - Blues, Brian Elliott is pulled from the net.
18:02 of 3rd period - Shot by Jordan Staal.
18:02 of 3rd period - Deflect By Martin Necas.
18:02 of 3rd period - Shot Blocked by Brent Burns.
18:04 of 3rd period - Shot by Martin Necas.
18:04 of 3rd period - Stopped by Robin Lehner with a rebound.
18:06 of 3rd period - Shot by Seth Jones.
18:06 of 3rd period - Stopped by Robin Lehner without a rebound.
18:07 of 3rd period - Jack Eichel wins face-off versus Ryan Johansen in Oilers zone.
18:21 of 3rd period - Icing by Gustav Nyquist.
18:22 of 3rd period - Jordan Staal wins face-off versus Ryan Johansen in Oilers zone.
18:25 of 3rd period - Shot by Martin Necas.
18:25 of 3rd period - Stopped by Robin Lehner without a rebound.
18:26 of 3rd period - Pavel Zacha wins face-off versus Sean Couturier in Oilers zone.
18:26 of 3rd period - Pavel Zacha is hit by Sean Couturier.
18:32 of 3rd period - Shot by Pavel Zacha.
18:32 of 3rd period - Goal by Pavel Zacha - Blues : 3 - Oilers : 5.
18:32 of 3rd period - Brian Elliott from Blues was sent back in the game.
18:33 of 3rd period - Ryan Johansen wins face-off versus Sean Couturier in neutral zone.
18:36 of 3rd period - Shot by Gustav Nyquist.
18:36 of 3rd period - Shot Blocked by Connor Brown.
18:40 of 3rd period - Shot by Gustav Nyquist.
18:40 of 3rd period - Shot Blocked by Ryan Pulock.
18:42 of 3rd period - Shot by Travis Hamonic.
18:42 of 3rd period - Stopped by Brian Elliott without a rebound.
18:43 of 3rd period - Pavel Zacha wins face-off versus Jack Eichel in Blues zone.
19:05 of 3rd period - Minor Penalty to Jacob Trouba for Holding.
19:06 of 3rd period - Jack Eichel wins face-off versus Adam Lowry in Oilers zone.
19:07 of 3rd period - Shot by Dougie Hamilton.
19:07 of 3rd period - Stopped by Robin Lehner without a rebound.
19:08 of 3rd period - Sean Couturier wins face-off versus Adam Lowry in Oilers zone.
19:18 of 3rd period - Icing by Connor Brown.
19:19 of 3rd period - Sean Couturier wins face-off versus Adam Lowry in Blues zone.
19:34 of 3rd period - Shot by Mikko Rantanen.
19:34 of 3rd period - Shot Misses the Net.
19:36 of 3rd period - Shot by Connor Brown.
19:36 of 3rd period - Goal by Connor Brown - Blues : 4 - Oilers : 5.
19:37 of 3rd period - Adam Lowry wins face-off versus Sean Couturier in neutral zone.
19:45 of 3rd period - Leo Komarov is hit by Seth Jones and loses puck.
19:56 of 3rd period - Blues, Brian Elliott is pulled from the net.
19:56 of 3rd period - Shot by Jack Eichel.
19:56 of 3rd period - Stopped by Robin Lehner without a rebound.
19:57 of 3rd period - Adam Lowry wins face-off versus Sean Couturier in Oilers zone.
19:57 of 3rd period - Adam Lowry is hit by Jack Eichel.
Goals for this period are 1 for Blues vs 3 for Oilers.
Shots for this period are 15 for Blues vs 5 for Oilers.